Map: King Sejong Station LE

Players

DeathnDisco

  • Race: Terran Terran
  • League: Silver

kaji - Winner!

  • Race: Terran Terran
  • League: Gold

VOD

Have the link to the VOD?

Description

Time

  • Played on: June 14, 2016, 4:57 a.m.
  • Length: 15:22
Show
View Real Time Build Order
Export as new Build Order

DeathnDisco Terran 

Build Orders: Reaper Expand 

Get SALT Encoding   

  12  0:01  SCV  
  13  0:13  SCV  
  14  0:17  Supply Depot  
  14  0:25  SCV  
  15  0:39  Barracks, SCV  
  16  0:44  Refinery  
  16  0:51  SCV  
  17  1:04  Barracks  
  17  1:05  SCV  
  18  1:17  SCV  
  19  1:29  Reaper  
  20  1:42  Orbital Command  
  20  1:56  Command Center  
  21  2:09  Supply Depot  
  21  2:13  Reaper x2  
  22  2:19  SCV  
  23  2:32  SCV  
  24  2:39  Refinery  
  24  2:44  SCV  
  25  2:45  Reaper  
  26  2:55  Reaper  
  26  2:56  SCV  
  28  3:12  SCV  
  30  3:14  Orbital Command  
  30  3:17  Marine  
  30  3:24  SCV  
  32  3:37  Factory  
  32  3:41  Barracks Reactor  
  32  3:42  Barracks  
  32  3:43  Barracks Tech Lab  
  30  4:10  Marine  
  30  4:12  SCV x2  
  33  4:17  Marine  
  33  4:18  Marine, Engineering Bay  
  33  4:21  Stimpack  
  33  4:24  Widow Mine, SCV  
  35  4:28  Marine, Engineering Bay  
  39  4:34  SCV  
  39  4:36  SCV  
  41  4:39  Marine x3  
  44  4:46  Marine  
  44  4:51  Armory  
  45  4:57  Marine  
  46  5:06  Widow Mine  
  45  5:07  Refinery  
  45  5:10  Marine  
  45  5:13  Marine x2  
  44  5:14  Marine  
  45  5:28  Marine  
  44  5:31  Marine  
  46  5:53  Terran Infantry Weapons Level 1  
  46  5:55  Engineering Bay  
  46  6:01  Supply Depot  
  46  6:05  Supply Depot  
  46  6:08  SCV  
  46  6:09  Marine  
  46  6:15  Starport  
  46  6:22  Marine x3  
  46  6:23  SCV x2  
  51  6:27  Marine  
  50  6:35  SCV x2  
  52  6:40  Marine x3  
  52  6:41  Supply Depot  
  52  6:46  Barracks Reactor  
  55  6:47  Factory Tech Lab, SCV x2  
  55  6:52  Terran Infantry Armor Level 1  
  57  6:58  Marine x2  
  57  7:00  SCV x2  
  61  7:07  Marine  
  62  7:12  SCV x2  
  62  7:13  Missile Turret  
  64  7:16  Marine  
  64  7:17  Marine  
  64  7:20  Command Center  
  66  7:24  Marine x2  
  66  7:25  Marine  
  66  7:26  SCV  
  70  7:58  Supply Depot  
  70  8:01  Supply Depot  
  70  8:02  Raven, Marine, SCV x2  
  70  8:03  Marine  
  70  8:04  Marine x2  
  78  8:06  Cloaking Field  
  78  8:16  Supply Depot  
  78  8:20  Siege Tank, Marine x2, SCV x2  
  78  8:21  Marine  
  78  8:22  Marine x2  
  78  8:26  Supply Depot  
  88  8:32  SCV x2  
  90  8:38  Marine x2  
  90  8:39  Marine  
  90  8:40  Marine  
  94  8:43  Orbital Command  
  94  8:44  SCV x2  
  94  8:45  Marine  
  97  8:53  Missile Turret  
  97  8:56  SCV x2  
  97  8:58  Marine  
  97  8:59  Marine x3  
  100  9:03  Marine  
  96  9:12  Siege Tank  
  96  9:16  Marine x2  
  96  9:17  Marine x2  
  100  9:21  Marine  
  103  9:26  Missile Turret  
  103  9:32  Banshee  
  103  9:34  Marine x3  
  103  9:35  Marine  
  108  9:39  Marine  
  93  9:52  Marine  
  78  10:11  Marine x2  
  78  10:12  Marine x3  
  58  10:29  Marine  
  58  10:30  Marine x3  
  58  10:31  Siege Tank, Marine  
  58  10:33  Banshee  
  66  10:45  Orbital Command  
  66  10:47  Marine  
  66  10:48  Marine x4  
  71  10:52  Starport  
  71  11:03  Siege Tank  
  74  11:05  Marine  
  74  11:06  Marine x2  
  71  11:14  Marine  
  71  11:15  Marine  
  71  11:16  Banshee  
  72  11:22  Marine  
  72  11:24  Marine x2  
  75  11:32  Marine x2  
  75  11:35  Siege Tank  
  80  11:40  Marine  
  80  11:41  Marine  
  80  11:42  Marine  
  80  11:50  Marine x2  
  82  11:55  Bunker  
  82  11:58  Marine, Banshee  
  82  11:59  Marine x2  
  88  12:08  Marine x2  
  83  12:16  Marine  
  83  12:17  Marine x2  
  83  12:21  Liberator  
  82  12:26  Marine x2  
  82  12:28  SCV x2  
  78  12:31  SCV  
  78  12:34  Marine  
  78  12:35  Marine x2  
  82  12:40  SCV x2  
  82  12:44  Liberator, Marine x2, SCV  
  78  12:52  Marine, SCV x2  
  78  12:53  Marine x2  
  76  12:58  Siege Tank  
  76  13:01  Marine  
  76  13:02  Marine  
  76  13:04  Liberator, SCV  
  85  13:09  Marine  
  85  13:10  Marine  
  85  13:11  Marine  
  87  13:19  Marine x2  
  83  13:25  SCV  
  83  13:26  Liberator  
  88  13:27  Marine  
  88  13:28  Marine x2, SCV x2  
  88  13:30  Siege Tank  
  93  13:37  Marine x2  
  93  13:38  SCV  
  93  13:40  SCV x2  
  89  13:45  Marine  
  89  13:46  Marine x2  
  92  13:50  SCV  
  92  13:55  Marine x2  
  86  14:02  Siege Tank  
  86  14:03  Marine  
  86  14:04  Marine x2  
  88  14:13  Marine x2  
  90  14:19  Liberator  
  90  14:21  Marine  
  90  14:22  Marine x2, SCV x2  
  95  14:30  Marine  
  95  14:31  Marine  
  97  14:34  SCV  
  97  14:35  SCV  
  102  14:38  Marine  
  102  14:39  Command Center, Marine  
  102  14:40  Marine  
  105  14:48  Marine x2  
  107  14:56  Marine  
  107  14:57  Marine x2  
Show
View Real Time Build Order
Export as new Build Order

kaji Terran - Winner!

Build Orders: Liberator Opening 

Get SALT Encoding   

  12  0:01  SCV  
  13  0:19  SCV  
  13  0:21  Supply Depot  
  14  0:27  Refinery  
  14  0:30  Refinery  
  14  0:35  SCV  
  15  0:52  Barracks  
  15  1:01  SCV  
  16  1:13  SCV  
  17  1:25  SCV  
  18  1:42  Orbital Command  
  18  1:45  Factory  
  18  1:46  Marine  
  19  2:04  Marine  
  19  2:08  Supply Depot  
  20  2:17  SCV  
  21  2:29  SCV  
  22  2:32  Starport  
  22  2:34  Factory Tech Lab  
  22  2:39  Marine  
  22  2:41  SCV  
  23  2:53  SCV  
  23  2:57  Marine  
  25  3:05  SCV  
  25  3:07  Siege Tank  
  25  3:11  Liberator  
  29  3:15  Marine  
  30  3:26  Supply Depot  
  30  3:32  Supply Depot, Marine  
  34  3:44  Siege Tank  
  37  3:50  Marine  
  32  4:17  Medivac  
  32  4:19  SCV  
  35  4:25  Siege Tank  
  39  4:31  SCV  
  39  4:32  Marine  
  40  4:44  SCV  
  41  4:46  Command Center  
  41  4:57  Marine  
  42  5:06  Starport Reactor  
  42  5:12  Factory  
  42  5:18  Engineering Bay  
  42  5:21  Siege Tank  
  42  5:25  Barracks Reactor  
  45  5:31  Supply Depot  
  45  5:53  Viking  
  45  5:54  Siege Tank  
  50  6:09  Orbital Command  
  50  6:10  SCV  
  51  6:22  SCV  
  51  6:24  Hellion x2  
  53  6:34  SCV  
  53  6:35  Siege Tank  
  53  6:36  Orbital Command  
  57  6:46  SCV  
  55  6:58  SCV  
  56  7:07  Siege Tank  
  59  7:10  Refinery, SCV  
  60  7:16  Viking x2  
  60  7:21  Refinery  
  64  7:25  Missile Turret x2  
  64  7:28  Hellion x2  
  68  7:37  SCV  
  68  7:39  Hellion  
  71  7:46  Viking  
  71  7:49  SCV  
  74  7:52  Hellion  
  74  7:53  Hellion  
  78  7:59  Armory  
  78  8:16  Supply Depot  
  78  8:37  Viking, SCV x2  
  78  8:38  Hellion  
  84  8:49  SCV  
  80  9:14  Siege Tank  
  80  9:15  Hellbat  
  85  9:22  Supply Depot, SCV  
  86  9:25  Supply Depot  
  86  9:27  Supply Depot  
  86  9:43  Viking, Hellbat, SCV  
  86  9:44  Hellbat  
  87  9:46  Siege Tank  
  83  10:05  Hellbat x2  
  75  10:19  Siege Tank  
  78  10:26  Hellbat  
  78  10:27  Hellbat  
  75  10:48  Hellbat x2  
  79  10:51  Siege Tank  
  79  10:55  Factory  
  82  11:09  Hellbat  
  76  11:23  Siege Tank  
  79  11:31  Hellbat x2  
  82  11:38  Liberator x2  
  79  11:55  Siege Tank  
  79  12:00  Factory Tech Lab  
  88  12:03  Factory  
  79  12:20  Siege Tank  
  82  12:25  SCV  
  82  12:27  Siege Tank  
  86  12:36  Command Center  
  86  12:45  Hellbat x2  
  86  12:46  Hellbat  
  86  12:52  Siege Tank  
  89  12:59  Siege Tank  
  92  13:10  Liberator x2  
  89  13:24  Thor  
  97  13:53  Liberator x2  
  94  14:07  Siege Tank x2  
  83  14:31  Orbital Command  
  83  14:39  Thor  
  83  14:42  SCV  
  96  14:55  Refinery  
  102  15:00  Refinery  
Tags
 
Add a new tag
Caveats
  • Supply blocks, unpowered buildings, or Contaminate may cause inaccurate times.
  • Supply counts are checked every 10 seconds.